← All builds
Suicide front / Legion / Quick factory / OBSERVED BUILD

Standard suicide front

Legion Suicide front build order · Supreme Isthmus

Quick Bot Lab into Vehicle Plant to project force at middle early with Ballista, Satyr, Decurion and Lance, transitioning into Barrage artillery and an Advanced Metal Extractor as the game develops.

#rush #raid · 61 distinct matches · 27 players · 80% of Legion Suicide front games · team won 56% of 64 · Recently observed

HOW TO PLAY IT

Key timing: Legion Vehicle Plant by 1:01

  1. Take first mex while the bot lab goes down immediately.
  2. Finish the bot lab fast to start producing early bots.
  3. Queue the vehicle plant right after for Ballista and Satyr.
  4. Push Ballista and Barrage to contest middle early.
  5. Transition into an advanced mex once T2 constructor is up.

Phase by phase

TYPICAL OF ITS 61 GAMES
  1. 1
  2. 2
  3. 3
PLAY THE OPENING

Follow the example game's first 6:00 step by step: what to build now, what comes next, and where it goes. At 1× it keeps pace with your own game.

  1. 1

    Up to the Legion Bot Lab

    Economy
    • Metal Extractor2Mex
    Order
    1. Legion Bot LabLegion Bot Lab after 2 mexdone ~0:34, middle half 0:27–0:46

    Some games also: Legion Vehicle Plant (33%)

    By 0:18 in all: 2 mex

    The example game in this phase · 2 steps
    1. Mex ×2
    2. Legion Bot LabLegion Bot Labdone 0:38 · typical 0:34
  2. 2

    Legion Bot Lab to 5:00

    Economy
    • Metal Extractor4Mex
    • Wind Turbine6Wind
    Army
    • Pharos3 Pharos
    Other
    • Radar Tower1 Radar Tower

    Some games also: Legion Construction Bot (44%) · Zagreus (44%) · Legion Construction Vehicle (42%) · con turret (42%) · Barrage (41%)

    By 5:00 in all: 5 mex · 7 wind · 1 con turret

    The example game in this phase · 32 steps
    1. PhobosPhobos
    2. Radar TowerRadar Tower
    3. PharosPharos
    4. ZagreusZagreus ×2
    5. KarkinosKarkinos
    6. Legion Construction BotLegion Construction Bot
    7. BallistaBallista
    8. Mex ×2
    9. BallistaBallista ×2
    10. Mex
    11. Con turret
    12. BallistaBallista
    13. PharosPharos ×2
    14. BallistaBallista
    15. PharosPharos
    16. BallistaBallista ×2
    17. Wind
    18. BallistaBallista
    19. PharosPharos
    20. Wind
    21. PharosPharos
    22. BallistaBallista
    23. Wind ×2
    24. BallistaBallista
    25. Wind
    26. BallistaBallista
    27. GruntGrunt
    28. Wind ×3
    29. BallistaBallista
    30. PharosPharos
    31. Energy storage
    32. BallistaBallista
  3. 3

    5:00 to 10:00

    Economy
    • Metal Extractor1Mex
    • Wind Turbine9Wind
    Builders
    • Construction Turret1 Con turret

    Some games also: Radar Tower (50%) · Pharos (42%) · energy storage (39%) · Lance (34%) · Zagreus (33%)

    By 10:00 in all: 6 mex · 17 wind · 1 energy storage · 2 con turret

    The example game in this phase · 106 steps
    1. BlitzBlitz
    2. Wind
    3. BallistaBallista
    4. ZagreusZagreus
    5. Wind ×2
    6. ZagreusZagreus
    7. Wind
    8. ZagreusZagreus
    9. Wind
    10. BlitzBlitz
    11. BallistaBallista
    12. Wind
    13. BallistaBallista
    14. PharosPharos
    15. BlitzBlitz
    16. Wind
    17. BallistaBallista
    18. Wind
    19. BallistaBallista
    20. BlitzBlitz
    21. Wind
    22. Mex
    23. Con turret
    24. BlitzBlitz
    25. BallistaBallista ×2
    26. PharosPharos
    27. BlitzBlitz
    28. PharosPharos
    29. BlitzBlitz
    30. BallistaBallista ×5
    31. Radar TowerRadar Tower
    32. Wind
    33. PharosPharos
    34. BallistaBallista
    35. Wind
    36. BallistaBallista ×2
    37. PharosPharos
    38. Wind
    39. BallistaBallista
    40. Wind
    41. BeamerBeamer
    42. BallistaBallista
    43. Mex
    44. Wind
    45. BallistaBallista
    46. PharosPharos
    47. Wind
    48. KarkinosKarkinos
    49. BallistaBallista
    50. PharosPharos
    51. Wind
    52. BallistaBallista
    53. Wind
    54. WhistlerMissile truck
    55. BallistaBallista
    56. Wind
    57. BlitzBlitz
    58. BallistaBallista
    59. Wind
    60. BallistaBallista ×2
    61. Wind
    62. BallistaBallista
    63. JanusJanus
    64. BallistaBallista ×2
    65. SatyrSatyr ×4
    66. ThugThug
    67. SatyrSatyr ×2
    68. RocketeerRocketeer
    69. SatyrSatyr ×6
    70. JanusJanus
    71. SatyrSatyr
    72. GuardGuard
    73. SatyrSatyr ×4
    74. Mex
    75. SatyrSatyr ×3
    76. QuakerQuakerdone 9:23
    77. SatyrSatyr ×2
    78. ThugThug
    79. SatyrSatyr
    80. Mex
    81. SatyrSatyr ×2
    82. DecurionDecurion
    83. SatyrSatyr ×4
    84. BlitzBlitz
    85. SatyrSatyr
    86. BrambleBramble
    87. SatyrSatyr ×2
    88. BrambleBramble
    89. Bot LabBot Labdone 10:01
    90. SatyrSatyr
    91. BallistaBallista
    92. SatyrSatyr ×3
    93. BlitzBlitz
    94. SatyrSatyr ×13
    95. GunslingerGunslingerdone 10:51
    96. SatyrSatyr ×9
    97. Advanced Metal ExtractorT2 mexdone 11:37
    98. SatyrSatyr
    99. JanusJanus
    100. SatyrSatyr ×3
    101. Vehicle PlantVehicle Plantdone 11:41
    102. SatyrSatyr ×2
    103. Advanced Metal ExtractorT2 mex
    104. SatyrSatyr
    105. Mex
    106. SatyrSatyr

Counts are medians over the build's games: half of them build more, half fewer. The example game is [Crd]Atlas's (32 OS, 06/09/2026); pick another.

Team trades

IN AT LEAST 30% OF ITS GAMES

You hand over

Nothing regular.

You get

  • Tidal Generator4 Tidal from Pondfirst at 0:12 · in 56% of games
  • Advanced Construction Bot1 T2 con bot from Tech or Geofirst at 7:37 · in 45% of games

How it plays out

Typical game of this build, running totals by minute

Metal produced

010k20k
0:005:0010:0015:00

metal

Enemy metal destroyed

05k10k
0:005:0010:0015:00

metal

Own metal lost

05k10k
0:005:0010:0015:00

metal

64 games.

Show as table
ByMetal produced: This buildEnemy metal destroyed: This buildOwn metal lost: This build
1:0028300
2:0087700
3:00181619270
4:002774469300
5:0038471119716
6:00484418481150
7:00589328741832
8:00727243202575
9:00847447363265
10:00972553614384
11:001112356744945
12:001311361295595
13:001394566067019
14:001564471597595
15:001724780818181
WHAT THE NUMBERS SAY

This aggressive opening wins more often than the role's other lines, with enemy metal destroyed well above own losses by 15:00.

  • + Enemy metal destroyed (9422) nearly doubles own metal lost (8541) by 15:00.
  • + Team wins 58% of games, strongest result among these roles.
  • − Own metal lost climbs fast early, 770 by 5:00 from committing hard.
THE EXAMPLE YOU ARE READING

[Crd]Atlas

31.6 OS · 06/09/2026

Open source match ↗

6 received units · includes a constructor
51 metal received · 14362 energy received

Allied construction assistance is unknown. Timings are observations, not a promise of solo reproducibility.

Typical milestones

Legion Bot Lab0:34Middle 50%: 0:27–0:46 · n=36
Legion Vehicle Plant0:38Middle 50%: 0:29–1:01 · n=41

Played most by

XuunnY11games of this buildChancho7games of this build_X_6games of this build[crd]sisa4games of this buildxabre3games of this build